AoeStats
← _Orca_

Arabia

506395863Analyzed
2v2 RM · 19d ago on Sep 13, 2026· 22m 30s· 4 players
Game mode
Random Map
Map size
Medium (4 player)
Population
200
Speed
Normal
Resources
Standard
Victory
Conquest
Starting age
Dark Age
Ending age
Imperial Age
RankedLock teamsTeams togetherTeam positionsShared explorationLock speedFull tech treeHidden civsTurbo modeCheats
Victory
Defeat
🇧🇩 Magyars · Bangladesh
1297
+9
🇦🇺 Japanese · Australia
1199
+11
🇩🇪 Hindustanis · Germany
1118
-10
🇦🇹 Teutons · Austria
1118
-10
_Orca_
5:06 Loom
14:02 Feudal Age
18:56 Castle Age
17:04 Double-Bit Axe
17:01 Horse Collar
18:27 Gold Mining
18:28 Fletching
19:59 Bow Saw
21:24 Bloodlines
pozzamate
7:47 Loom
10:21 Feudal Age
10:33 Man-at-Arms
11:27 Double-Bit Axe
15:14 Horse Collar
16:39 Scale Mail Armor
16:35 Arson
21:22 Forging
Ļﮔ
7:10 Loom
10:02 Feudal Age
21:43 Castle Age
20:26 Scale Barding Armor
21:05 Bloodlines
Dinolicious.
6:55 Loom
10:08 Feudal Age
10:34 Double-Bit Axe
21:15 Castle Age
Connection lost

Rejoining the realm…

Still unreachable

The connection could not be restored.

Session expired

The server has moved on; the page needs a fresh start.